 Dungeon Crawl Stone Soup version 0.25.1-2-g60ff931df9 (webtiles) character file.

Game seed: 4681236226146108339

32129 Delamore the Basher (level 13, -10/89 HPs)
             Began as a Gargoyle Fighter on Aug 31, 2020.
             Was the Champion of Okawaru.
             Mangled by an entropy weaver (13 damage)
             ... on level 3 of the Lair of Beasts.
             The game lasted 00:22:22 (18206 turns).

Delamore the Basher (Gargoyle Fighter)             Turns: 18206, Time: 00:22:23

Health: -10/89     AC: -4    Str: 28    XL:     13   Next: 62%
Magic:  13/13      EV:  7    Int:  9    God:    Okawaru [******]
Gold:   796        SH: 14    Dex: 16    Spells: 12/12 levels left

rFire    + . .     SeeInvis .   R - +4 flail "Rigg" {vamp, Dex+7}
rCold    . . .     Gourm    .   T - +0 kite shield {rPois}
rNeg     + . .     Faith    .   y - +0 plate armour
rPois    ∞         Spirit   .   V - +2 hat {MR+}
rElec    +         Reflect  .   D - +0 cloak
rCorr    .         Harm     .   g - +0 pair of gloves {Str+3}
MR       +....                  Y - +0 pair of boots
Stlth    ..........             Z - amulet of magic regeneration
HPRegen  0.24/turn              w - ring of protection from cold
MPRegen  0.38/turn              W - ring of fire

@: corroded
A: negative energy resistance 1, electricity resistance, unbreathing,
petrification resistance, rot immunity, AC +9
a: Heroism, Finesse, Renounce Religion


You were on level 3 of the Lair of Beasts.
You worshipped Okawaru.
Okawaru was exalted by your worship.
You were not hungry.

You visited 3 branches of the dungeon, and saw 17 of its levels.
You also visited: Volcano.

You collected 796 gold pieces.

Inventory:

Hand Weapons
 R - the +4 flail "Rigg" (weapon) {vamp, Dex+7}
   (Okawaru gifted it to you on level 11 of the Dungeon)

   It inflicts no extra harm, but heals its wielder when it wounds a living foe.
   It affects your dexterity (+7).
Missiles
 K - an atropa-tipped dart (quivered)
 S - 2 javelins
Armour
 g - a +0 pair of gloves of strength (worn)
 y - a +0 plate armour (worn)
 D - a +0 cloak (worn)
 T - a +0 kite shield of poison resistance (worn)
 V - a +2 hat of magic resistance (worn)
 Y - a +0 pair of boots (worn)
Jewellery
 i - an uncursed ring of positive energy {unknown}
 w - a ring of protection from cold (left hand)
 C - an uncursed ring of protection from cold
 O - an uncursed ring of resist corrosion
 W - a ring of fire (right hand)
 Z - an amulet of magic regeneration (around neck)
Wands
 h - a wand of enslavement (7)
 x - a wand of acid (12)
 E - a wand of clouds (4)
 I - a wand of flame (84)
 M - a wand of iceblast (6)
 U - a wand of disintegration (16)
Scrolls
 c - a scroll of identify
 e - 5 scrolls of teleportation
 k - 2 scrolls of fog
 l - 4 scrolls of immolation
 m - 9 scrolls of remove curse
 n - a scroll of magic mapping
 o - 4 scrolls of fear
 s - a scroll of silence
 B - a scroll of torment
 H - a scroll of blinking
 J - a scroll of enchant armour {unknown}
Potions
 d - 2 potions of might
 j - a potion of curing
 p - 3 potions of lignification
 t - 2 potions of magic
 z - a potion of flight {unknown}
 F - a potion of haste {unknown}
 G - a potion of ambrosia {unknown}
 N - 2 potions of stabbing {unknown}
Comestibles
 f - 25 rations


   Skills:
 + Level 13.6 Fighting
 - Level 14.0 Maces & Flails
 - Level 5.0 Armour
 + Level 13.6 Shields


You had 12 spell levels left.
You didn't know any spells.
Your spell library contained the following spells:

 Spells                   Type           Power        Failure   Level  Hunger
 Animate Skeleton         Necr           N/A          99%         1    ##.....
 Apportation              Tloc           #.....       99%         1    ##.....
 Corona                   Hex            #......      99%         1    ##.....
 Infusion                 Chrm           #...         99%         1    ##.....
 Magic Dart               Conj           #...         99%         1    ##.....
 Sandblast                Erth           #.....       99%         1    ##.....
 Shock                    Conj/Air       #...         99%         1    ##.....
 Summon Small Mammal      Summ           #...         99%         1    ##.....
 Blink                    Tloc           N/A          100%        2    ###....
 Call Imp                 Summ           #.......     100%        2    ###....
 Ensorcelled Hibernation  Hex/Ice        #.....       100%        2    ###....
 Passwall                 Tmut/Erth      #.......     100%        2    ###....
 Shroud of Golubria       Chrm/Tloc      #.....       100%        2    ###....
 Slow                     Hex            #.......     100%        2    ###....
 Song of Slaying          Chrm           #.......     100%        2    ###....
 Swiftness                Chrm/Air       #.......     100%        2    ###....
 Confusing Touch          Hex            #.......     100%        3    ####...
 Conjure Flame            Conj/Fire      #.......     100%        3    ####...
 Dazzling Flash           Conj/Hex       #.....       100%        3    ####...
 Mephitic Cloud           Conj/Pois/Air  #.......     100%        3    ####...
 Ozocubu's Armour         Chrm/Ice       #.......     100%        3    ####...
 Spectral Weapon          Hex/Chrm       #.......     100%        3    ####...
 Static Discharge         Conj/Air       #.......     100%        3    ####...
 Stone Arrow              Conj/Erth      #.....       100%        3    ####...
 Tukima's Dance           Hex            #.......     100%        3    ####...
 Airstrike                Air            #.........   100%        4    #####..
 Petrify                  Tmut/Erth      #.......     100%        4    #####..
 Lee's Rapid Deconstruct  Erth           #.........   100%        5    ######.
 Lightning Bolt           Conj/Air       #.........   100%        5    ######.


Dungeon Overview and Level Annotations

Branches:
Dungeon (12/15)            Temple (1/1) D:5            Lair (4/6) D:11
  Swamp (0/4) Lair:2          Orc (0/2) D:9         Volcano (visited)
  Snake: Lair:2-4    Spider: Lair:2-4

Altars:
Ashenzari
Cheibriados
Dithmenos
Elyvilon
Fedhas
Gozag
Hepliaklqana
Kikubaaqudgha
Makhleb
Nemelex Xobeh
Okawaru
Qazlal
Ru
Sif Muna
Trog
Uskayaw
Vehumet
Wu Jian
Xom
Yredelemnul
Zin
The Shining One

Shops:
D:5 *   D:6 [   D:7 =

Portals:
Trove: D:10 (show abyssal rune of Zot)

Annotations:
Lair:1 1 runed translucent door, exclusion: oklob plant, Delamore's ghost, journeyman GrFi


Innate Abilities, Weirdness & Mutations

You are resistant to torment.
Your stone body is resilient. (AC +9)
You are immune to poison.
You resist negative energy. (rN+)
You are resistant to electric shocks. (rElec)
You can survive without breathing.
You are immune to petrification.
You are immune to rotting.


Message History

The entropy weaver is heavily wounded.
The entropy weaver mumbles some strange words.
The entropic weave corrodes you!
You hit the entropy weaver but do no damage.
The entropy weaver is heavily wounded.
The entropy weaver casts a spell.
The entropic weave corrodes you!
You thump the entropy weaver!
You feel better.
The entropy weaver is severely wounded.
You block the entropy weaver's attack. x2; The entropy weaver hits you.
The entropy weaver hits you!
* * * LOW HITPOINT WARNING * * *
You hit the entropy weaver but do no damage.
The entropy weaver is severely wounded.
You block the entropy weaver's attack. The entropy weaver hits you.
* * * LOW HITPOINT WARNING * * *
The entropy weaver hits you!
* * * LOW HITPOINT WARNING * * *
The entropy weaver hits you!
You die...

.#,,,,,,,,,,*,#..................
§########****,#...........#....#.
.†at÷....,,,,,#...........#...###
###############..........###..# #
..).......(.............## #.§###
....†..............#P#### #≈.≈#
............##....#### ##≈≈≈#
............####.a#**#*** #≈≈≈##
######......# #.@.##.##.# ##?## #
# ##.....# #...>.....#*#...# # #
##....#*#..........##...### #
#.................##...##. #
*#...###..#........#.....#. **
*,,,,,*########..........#. ,*
*,,,,,* *,...........÷ ,* **,,,,*
*............. ** **,,,,**
*......#####..


You could see an entropy weaver.

Vanquished Creatures
  A hydra (Lair:1)
  A dancing weapon (Volcano)
  2 two-headed ogres
  3 death yaks (Lair:3)
  A queen ant (Lair:3)
  3 fire crabs (Lair:3)
  2 unseen horrors (D:11)
  5 wizards (Volcano)
  2 deep elf magi (D:11)
  An ugly thing (D:10)
  2 cyclopes (D:11)
  5 toenail golems (Volcano)
  2 spiny frogs
  5 blink frogs (Lair:2)
  2 hippogriffs
  Sigmund (D:2)
  3 wyverns
  22 yaks
  2 basilisks (Lair:3)
  A hungry ghost (D:10)
  4 vampire mosquitoes (Lair:2)
  Grum (D:8)
  2 wargs
  Menkaure (D:7)
  An acid dragon (D:11)
  13 soldier ants (Lair:3)
  2 porcupines
  11 water moccasins
  A sky beast (D:9)
  A swamp drake (D:11)
  5 orc warriors
  4 black bears
  6 ice beasts
  3 phantoms
  8 centaurs
  11 ogres
  9 wolves
  3 crocodiles
  A wyvern zombie (D:6)
  7 bullfrogs
  A water moccasin skeleton (D:6)
  3 scorpions
  6 killer bees
  5 wights
  3 electric eels
  5 crimson imps
  2 bullfrog zombies
  3 centaur zombies
  6 hounds
  12 orc priests
  2 bullfrog skeletons (D:11)
  A gnoll shaman (D:8)
  7 jellies
  A centaur skeleton (D:6)
  An iron imp (D:11)
  Ijyb (D:4)
  4 iguanas
  22 worker ants
  20 orc wizards
  A centaur simulacrum (D:11)
  2 hound zombies
  2 worker ant zombies (D:5)
  A howler monkey zombie (D:5)
  12 adders
  5 gnolls (D:8)
  2 hound simulacra (D:11)
  3 shadow imps
  3 white imps (D:11)
  A worker ant simulacrum (D:11)
  2 ufetubi (D:11)
  An ooze (D:3)
  4 adder skeletons
  An adder zombie (D:5)
  A worm (D:2)
  3 dart slugs
  7 leopard geckos
  63 orcs
  4 giant cockroaches
  8 goblins
  9 hobgoblins
  12 jackals
  7 kobolds
  4 quokkas
  15 bats
  6 frilled lizards
  A jackal skeleton (D:6)
  2 leopard gecko zombies (D:5)
  A quokka zombie (D:6)
  10 rats
458 creatures vanquished.

Vanquished Creatures (others)
  2 orcs (D:11)
  A fungus (Lair:3)
3 creatures vanquished.

Grand Total: 461 creatures vanquished

Notes
Turn   | Place    | Note
-------+----------+-------------------------------------------
     0 | D:1      | Delamore the Gargoyle Fighter began the quest for the Orb.
     0 | D:1      | Reached XP level 1. HP: 14/14 MP: 1/1
    69 | D:1      | Reached XP level 2. HP: 17/19 MP: 2/2
   384 | D:1      | Reached XP level 3. HP: 22/23 MP: 3/3
   711 | D:2      | Noticed Sigmund
   906 | D:2      | Killed Sigmund
   906 | D:2      | Reached skill level 3 in Maces & Flails
   906 | D:2      | Reached XP level 4. HP: 20/30 MP: 4/4
   906 | D:2      | Reached XP level 5. HP: 22/34 MP: 5/5
  1264 | D:2      | Found a hazy altar of Hepliaklqana.
  1411 | D:2      | Reached XP level 6. HP: 28/39 MP: 6/6
  2262 | D:3      | Reached skill level 4 in Maces & Flails
  2262 | D:3      | Reached skill level 5 in Armour
  2270 | D:3      | Reached skill level 5 in Fighting
  2270 | D:3      | Reached skill level 5 in Shields
  2270 | D:3      | Reached XP level 7. HP: 36/44 MP: 7/7
  2980 | D:3      | Found a burning altar of Makhleb.
  3135 | D:4      | Reached skill level 5 in Maces & Flails
  3317 | D:4      | Noticed Ijyb
  3326 | D:4      | Killed Ijyb
  3929 | D:4      | Reached skill level 6 in Maces & Flails
  3971 | D:4      | Reached XP level 8. HP: 44/49 MP: 8/8
  4025 | D:5      | Entered Level 5 of the Dungeon
  4038 | D:5      | Reached skill level 7 in Maces & Flails
  4357 | D:5      | Found a staircase to the Ecumenical Temple.
  4386 | D:5      | Reached skill level 8 in Maces & Flails
  4411 | Temple   | Entered the Ecumenical Temple
  4842 | Temple   | Became a worshipper of Warmaster Okawaru
  4876 | D:5      | Found an opulent altar of Gozag.
  4877 | D:5      | Found Gozag's Platinum Reserve.
  5528 | D:6      | Found an iron altar of Okawaru.
  5548 | D:5      | Reached skill level 9 in Maces & Flails
  5954 | D:5      | Reached * piety under Okawaru
  6272 | D:6      | Reached XP level 9. HP: 28/54 MP: 9/9
  6573 | D:6      | Reached skill level 10 in Maces & Flails
  7704 | D:6      | Found Doijut Besol's Armour Shop.
  7742 | D:7      | Reached skill level 11 in Maces & Flails
  7963 | D:7      | Reached ** piety under Okawaru
  8358 | D:7      | Noticed Menkaure
  8365 | D:7      | Killed Menkaure
  8554 | D:7      | Found Zuoruigu's Jewellery Shoppe.
  8831 | D:8      | Reached skill level 12 in Maces & Flails
  8855 | D:8      | Noticed Grum
  8860 | D:8      | Killed Grum
  8872 | D:8      | Reached XP level 10. HP: 51/59 MP: 10/10
  9013 | D:8      | Noticed a two-headed ogre
  9034 | D:8      | Killed a two-headed ogre
  9034 | D:8      | Reached *** piety under Okawaru
  9034 | D:8      | Reached skill level 13 in Maces & Flails
 10044 | D:9      | Found a hazy altar of Hepliaklqana.
 10240 | D:9      | Found a staircase to the Orcish Mines.
 10470 | D:9      | Reached skill level 14 in Maces & Flails
 10862 | D:10     | Entered Level 10 of the Dungeon
 11057 | D:10     | Reached **** piety under Okawaru
 11321 | D:10     | Reached XP level 11. HP: 50/64 MP: 11/11
 11631 | D:10     | Found a portal to a secret trove of treasure.
 12286 | D:11     | Noticed a cyan ugly thing
 12324 | D:10     | Killed a cyan ugly thing
 12324 | D:10     | Reached ***** piety under Okawaru
 13024 | D:11     | Received a gift from Okawaru
 13051 | D:11     | Got a faintly glowing flail {god gift}
 13052 | D:11     | Identified the +4 flail "Rigg" {vamp, Dex+7} (Okawaru
                  | gifted it to you on level 11 of the Dungeon)
 13238 | D:11     | Noticed a cyclops
 13267 | D:11     | Killed a cyclops
 13638 | D:11     | Noticed a cyclops
 13665 | D:11     | Killed a cyclops
 13784 | D:11     | Killed an unseen horror
 13847 | D:12     | Noticed a two-headed ogre
 13856 | D:12     | Killed a two-headed ogre
 13867 | D:12     | HP: 1/71 [something (21)]
 13895 | D:11     | Killed an unseen horror
 13895 | D:11     | Reached ****** piety under Okawaru
 13895 | D:11     | Reached XP level 12. HP: 14/77 MP: 12/12
 14226 | D:11     | Found a staircase to the Lair.
 14497 | D:11     | Reached skill level 10 in Fighting
 14497 | D:11     | Reached skill level 10 in Shields
 14513 | D:11     | Received a gift from Okawaru
 14801 | Lair:1   | Entered Level 1 of the Lair of Beasts
 15264 | Lair:1   | Found a runed translucent door.
 15264 | Lair:1   | Noticed Delamore's ghost (journeyman GrFi)
 15365 | Lair:1   | Noticed a six-headed hydra
 15377 | Lair:1   | Killed a six-headed hydra
 16206 | Lair:2   | Found a staircase to the Swamp.
 16591 | Lair:3   | Received a gift from Okawaru
 16668 | Lair:3   | Noticed a queen ant
 16764 | Lair:3   | Found a dark tunnel.
 16816 | Volcano  | Entered a volcano
 16861 | Volcano  | Reached XP level 13. HP: 78/86 MP: 13/13
 17502 | Lair:3   | Received a gift from Okawaru
 17717 | Lair:3   | Found a runed translucent door.
 17798 | Lair:3   | Noticed an entropy weaver
 18206 | Lair:3   | HP: 3/89 [entropy weaver (13)]
 18206 | Lair:3   | Mangled by an entropy weaver

Illustrated notes

Levels and vault maps discovered:
D:1:      dpeg_arrival_snail, layout_rooms, minmay_tiny_reverse_x
D:2:      layout_loops_ring, lemuel_doored_altar, uniq_sigmund
D:3:      layout_basic, bloody_makhleb
D:4:      layout_rooms, first_ration, uniq_ijyb
D:5:      layout_loops_ring, minmay_temple_entry_large_hall, serial_undead,
          serial_undead_a, serial_undead_b, serial_undead_d, serial_undead_d,
          hangedman_decor_riveting, nicolae_gozag_zags_fifth_avenue
D:6:      layout_loops_corners, serial_shops, kennysheep_little_box,
          okawaru_trees_1
D:7:      layout_loops_corners, serial_shops, kennysheep_mini, uniq_menkaure
D:8:      layout_loops_ring, kennysheep_path_1, uniq_grum
D:9:      layout_basic, david_orc_2, basic_altar,
          hangedman_abyss_or_decor_stagger
D:10:     minmay_inner_zag, layout_layer_cave, nicolae_trove_entry_crossroad
D:11:     layout_big_octagon, erik_lair_orcish_takeover, serial_ice,
          serial_ice_d, serial_ice_e, serial_ice_i, serial_ice_o, serial_ice_f,
          serial_ice_n, serial_ice_c, portal_ice_cave_entry_pillars_2,
          grunt_ogre_cave, grunt_ministairs_3, hangedman_minor_magic
D:12:     layout_long_grid, nicolae_benzene_ring, drop_trap
Temple:   roderic_octagonal_lattice_temple
Lair:1:   layout_regular_city, ebering_ghost_inner_flame, serial_bayou_shore_b,
          serial_bayou_shore_b
Lair:2:   layout_gridlike, minmay_swamp_entry_swarm,
          chequers_serial_rivers_marsh, grunt_megastairs_1
Lair:3:   gammafunk_mikee_crab_dinner, layout_chaotic_city,
          nicolae_volcano_entry_two_sided, minivault_29, lemuel_fruit_fields
Lair:4:   layout_layer_cave, minmay_snake_entry_guardpost_medium,
          infiniplex_staircase_pool_2, grunt_megastairs_3, uniq_kirke,
          uniq_nergalle

Skill      XL: |  1  2  3  4  5  6  7  8  9 10 11 12 13 |
---------------+----------------------------------------+-----
Fighting       | 4 5 6 9 12 13 | 13.6
Maces & Flails | 3 4 6 9 12 14 | 14.0
Armour         | 4 5 |  5.0
Shields        | 4 5 6 9 12 13 | 13.6

Action                   |  1- 3 |  4- 6 |  7- 9 | 10-12 | 13-15 || total
-------------------------+-------+-------+-------+-------+-------++-------
Melee: Flail             |   105 |   130 |   655 |  1135 |   352 ||  2377
       Mace              |       |       |       |    40 |       ||    40
Throw: Dart              |     3 |       |    16 |     6 |     4 ||    29
Evoke: Wand              |       |       |       |     1 |       ||     1
  Use: Scroll            |       |       |     9 |     8 |     1 ||    18
       Potion            |       |       |     1 |     5 |     5 ||    11
  Eat: Chunk             |       |     5 |    18 |    25 |     3 ||    51
       Ration            |       |       |     1 |     1 |     1 ||     3
Armor: Scale mail        |    67 |    76 |   164 |       |       ||   307
       Chain mail        |       |       |   171 |   458 |       ||   629
       Plate armour      |       |       |       |   228 |   301 ||   529
Dodge: Dodged            |    33 |    48 |   151 |   253 |    99 ||   584
Block: Kite shield       |    73 |    83 |   325 |   653 |   314 ||  1448
